Map: [EWC] Alcyone

Players

Dark - Winner!

  • Race: Zerg Zerg
  • Spawn Location: 7:00

HeroMarine

  • Race: Terran Terran
  • Spawn Location: 1:00

Event: Esports World Cup 2024

VOD

Have the link to the VOD?

Description

Time

  • Played on: Aug. 14, 2024, 9:54 a.m.
  • Length: 6:22

All games in this series

Show
View Real Time Build Order
Export as new Build Order

Dark Zerg - Winner!

Build Orders: Hatch First 

Get SALT Encoding   

  12  0:00  Drone  
  13  0:11  Overlord  
  13  0:17  Drone  
  14  0:30  Drone x2  
  16  0:47  Hatchery  
  15  0:50  Drone  
  15  0:54  Drone  
  17  1:00  Drone  
  18  1:11  Spawning Pool  
  17  1:13  Drone  
  17  1:18  Drone  
  19  1:28  Drone  
  20  1:38  Drone  
  21  1:43  Hatchery  
  20  1:50  Drone  
  21  1:58  Queen  
  23  2:02  Zergling x4  
  25  2:11  Queen  
  27  2:16  Overlord  
  27  2:17  Drone  
  28  2:26  Spore Crawler  
  28  2:35  Drone x4  
  28  2:36  Queen  
  34  2:42  Overlord  
  34  2:43  Drone  
  35  2:54  Queen  
  35  2:55  Extractor  
  35  2:57  Queen  
  38  3:03  Drone  
  38  3:05  Drone x2  
  41  3:09  Drone x2  
  43  3:14  Overlord  
  43  3:15  Drone  
  43  3:19  Drone x2  
  46  3:22  Drone  
  46  3:26  Drone x2  
  46  3:27  Drone  
  50  3:34  Roach Warren  
  49  3:35  Drone, Extractor  
  49  3:36  Extractor  
  49  3:37  Drone  
  49  3:38  Drone  
  50  3:45  Drone x2  
  52  3:52  Zergling x2  
  52  3:53  Zergling x6  
  52  3:54  Overlord  
  56  3:56  Overlord  
  56  4:05  Metabolic Boost  
  56  4:15  Roach  
  56  4:16  Roach x4  
  66  4:21  Roach  
  68  4:27  Overlord x2  
  68  4:28  Zergling x8  
  72  4:35  Zergling x4  
  74  4:39  Overlord  
  74  4:40  Overlord  
  74  4:42  Overlord  
  74  4:47  Zergling x8  
  74  4:51  Roach  
  74  4:52  Roach  
  82  4:55  Roach  
  82  4:58  Ravager x3  
  87  5:02  Zergling x6  
  87  5:05  Ravager  
  87  5:06  Zergling x4  
  93  5:11  Zergling x6  
  96  5:15  Zergling x4  
  96  5:17  Ravager  
  96  5:19  Zergling x2  
  100  5:23  Overlord  
  100  5:25  Ravager  
  101  5:28  Zergling x2  
  101  5:31  Zergling x2  
  98  5:40  Zergling x18  
  98  5:41  Zergling x2  
  100  5:44  Zergling x2  
  100  5:49  Ravager  
  95  5:52  Zergling x2  
  95  5:53  Zergling x6  
  92  6:00  Ravager x2  
  92  6:02  Zergling x6  
Show
View Real Time Build Order
Export as new Build Order

HeroMarine Terran 

Build Orders: Reaper Expand 

Get SALT Encoding   

  12  0:00  SCV  
  13  0:12  SCV  
  14  0:17  Supply Depot  
  14  0:24  SCV  
  15  0:38  SCV  
  15  0:39  Barracks  
  16  0:42  Refinery  
  16  0:50  SCV  
  17  1:02  SCV  
  18  1:14  SCV  
  19  1:26  Reaper  
  19  1:27  Orbital Command  
  20  1:38  Command Center  
  20  1:46  Supply Depot  
  20  1:52  SCV  
  21  1:57  Marine  
  22  2:04  SCV  
  23  2:10  Factory  
  23  2:16  SCV  
  23  2:20  Barracks Reactor  
  24  2:28  SCV  
  25  2:36  Command Center  
  25  2:40  SCV  
  26  2:50  Orbital Command  
  26  2:52  SCV  
  27  3:00  Cyclone  
  27  3:01  Cyclone  
  27  3:02  Marine  
  27  3:05  SCV  
  33  3:09  Refinery  
  33  3:16  SCV  
  33  3:17  SCV  
  35  3:20  Marine  
  36  3:28  SCV  
  36  3:29  SCV  
  36  3:32  Cyclone  
  36  3:33  Cyclone  
  42  3:40  SCV  
  43  3:41  SCV  
  43  3:46  Barracks Tech Lab  
  44  3:50  Orbital Command  
  44  3:52  SCV  
  44  3:53  SCV, Barracks x2  
  46  4:04  SCV  
  46  4:06  SCV  
  46  4:07  Stimpack  
  46  4:08  Marine  
  49  4:14  Factory Reactor  
  49  4:17  Supply Depot, SCV  
  50  4:18  SCV x2  
  52  4:24  Engineering Bay  
  52  4:25  Engineering Bay  
  52  4:26  Marine  
  52  4:29  SCV  
  52  4:30  SCV  
  55  4:34  SCV  
  56  4:41  Supply Depot, SCV  
  56  4:42  SCV  
  56  4:43  Starport  
  56  4:44  Barracks  
  58  4:46  SCV  
  58  4:48  Refinery x2  
  59  4:53  SCV  
  59  4:54  SCV  
  59  4:59  Factory Reactor  
  62  5:01  Orbital Command  
  62  5:04  Supply Depot  
  62  5:05  SCV  
  62  5:06  SCV, Marine x5  
  68  5:09  Barracks  
  68  5:17  SCV  
  68  5:18  SCV  
  68  5:19  Supply Depot  
  70  5:24  Marine x3  
  70  5:26  SCV  
  74  5:29  SCV, Marine  
  74  5:30  SCV, Marine  
  74  5:31  Barracks Reactor  
  75  5:38  SCV  
  75  5:41  Marine x2  
  75  5:42  SCV x2  
  64  5:43  Marine  
  64  5:46  Marine  
  64  5:47  Marine  
  41  5:57  Marine  
  41  5:59  Marine x2  
  41  6:01  Marine  
Tags
 
Add a new tag
Caveats
  • Supply blocks, unpowered buildings, or Contaminate may cause inaccurate times.
  • Supply counts are checked every 10 seconds.